 Dungeon Crawl Stone Soup version 0.25-a0-290-g4a1327ee3a (console) character file.

Game seed: 13749321829628427080, levelgen mode: deterministic

375 Kagalorn the Gusty (level 6, -4/41 HPs)
             Began as a Barachi Air Elementalist on Dec 14, 2019.
             Was a Follower of Sif Muna.
             Slain by an orc warrior
             ... wielding a +0 scimitar
              (13 damage)
             ... on level 4 of the Dungeon.
             The game lasted 00:13:00 (3794 turns).

Kagalorn the Gusty (Barachi Air Elementalist)       Turns: 3794, Time: 00:13:01

Health: -4/41      AC:  5    Str:  9    XL:     6   Next: 73%
Magic:  7/12       EV: 12    Int: 18    God:    Sif Muna [*.....]
Gold:   178        SH:  0    Dex: 12    Spells: 10/13 levels left

rFire    . . .     SeeInvis .   a - +0 trident
rCold    . . .     Gourm    .   (no shield)
rNeg     . . .     Faith    .   i - +0 robe
rPois    .         Spirit   .   t - +1 hat
rElec    .         Reflect  .   (no cloak)
rCorr    .         Harm     .   (no gloves)
MR       .....                  e - +1 pair of boots
Stlth    ++........             (no amulet)
HPRegen  0.13/turn              (no ring)
MPRegen  0.13/turn              (no ring)

@: sluggish, can't hop, very slow
A: +LOS, swims, slowness 1, strong legs 1
a: Hop, Channel Magic, Renounce Religion


You were on level 4 of the Dungeon.
You worshipped Sif Muna.
Sif Muna was aware of your devotion.
You were not hungry.

You visited 1 branch of the dungeon, and saw 4 of its levels.

You collected 178 gold pieces.

Inventory:

Hand Weapons
 a - a +0 trident (weapon)
 b - a +0 hunting sling
Missiles
 g - 86 arrows
 h - 165 stones (quivered)
Armour
 e - a +1 pair of boots (worn)
 i - a +0 robe (worn)
 t - a +1 hat (worn)
Jewellery
 m - an uncursed ring of ice {unknown}
 y - an uncursed ring of protection from magic {unknown}
 C - a cursed ring of attention {unknown}
Scrolls
 f - a scroll of immolation {unknown}
 j - 3 scrolls of remove curse {unknown}
 k - 2 scrolls of enchant armour {unknown}
 p - 7 scrolls of identify {unknown}
 v - 2 scrolls of noise {unknown}
 w - 2 scrolls of teleportation {unknown}
 x - 2 scrolls of fog {unknown}
 A - a scroll of amnesia {unknown}
Potions
 d - 3 potions of mutation {unknown}
 l - a potion of might {unknown}
 n - a potion of cancellation {unknown}
 o - a potion of invisibility {unknown}
 q - 3 potions of haste
 s - a potion of curing {unknown}
 u - a potion of degeneration {unknown}
 z - a potion of flight {unknown}
Comestibles
 c - 4 rations
 B - a chunk of flesh


   Skills:
 - Level 2.1 Dodging
 - Level 1.7 Stealth
 - Level 4.0 Spellcasting
 * Level 3.6 Conjurations
 * Level 1.8 Charms
 * Level 5.6 Air Magic


You had 10 spell levels left.
You knew the following spells:

 Your Spells              Type           Power        Failure   Level  Hunger
a - Shock                 Conj/Air       ###.         2%          1    None
g - Swiftness             Chrm/Air       ###.....     4%          2    ##.....

Your spell library contained the following spells:

 Spells                   Type           Power        Failure   Level  Hunger
 Static Discharge         Conj/Air       ###.....     7%          3    ###....
 Airstrike                Air            ###.......   14%         4    ####...
 Lightning Bolt           Conj/Air       ###.......   52%         5    ######.


Dungeon Overview and Level Annotations

Branches:
Dungeon (4/15)
 Temple: D:4-7

Altars:
Elyvilon
Fedhas
Sif Muna


Innate Abilities, Weirdness & Mutations

You can be seen from farther away. (+LOS)
You can swim through water.
You cover ground slowly.
You can hop short distances.


Message History

The orc warrior is moderately wounded.
The orc warrior hits you with a +0 scimitar!
Casting: Shock (safe; 2% risk of failure)
Confirm with . or Enter, or press ? or * to list all spells.
Aiming: Shock (safe; 2% risk of failure)
Press: ? - help, Shift-Dir - straight line, f/p - orc warrior
Aim: an orc warrior, wielding a +0 scimitar and wearing a +0 chain mail (heavily wounded, very poisoned)
The zap hits the orc warrior but does no damage.
The orc warrior is heavily wounded.
The orc warrior hits you with a +0 scimitar!
* * * LOW HITPOINT WARNING * * *
Casting: Shock (safe; 2% risk of failure)
Confirm with . or Enter, or press ? or * to list all spells.
Aiming: Shock (safe; 2% risk of failure)
Press: ? - help, Shift-Dir - straight line, f/p - orc warrior
Aim: an orc warrior, wielding a +0 scimitar and wearing a +0 chain mail (heavily wounded, poisoned)
The zap hits the orc warrior.
The orc warrior is heavily wounded.
The orc warrior hits you with a +0 scimitar!
You die...

#.# ###.....###.# #.# #.#
#......# #.## ##'## #......# #
#..# ##...## #......# .# ##.#
##.....## ##.###.##.# #.##
##.......###.........# #..##
##.........#.#......#########....
+.........(((...................
#.........##..o@.###########....
###.......####.#...# ##.#.
...#.....## #.###.# ###.
##.##...## #.# ..# #. .......##
#.# #.# ###. ...###.### #.# ..
#... ...# #...# ... ... #.#.
##.###.#.# ##.. ##. #.#.
##.......##.###. .#######.##


You could see an orc warrior.

Vanquished Creatures
  A centaur (D:4)
  A hound (D:4)
  An orc wizard (D:4)
  A bullfrog skeleton (D:2)
  A worker ant (D:4)
  9 adders
  An ooze (D:1)
  3 worms
  4 dart slugs
  4 leopard geckos
  7 orcs
  3 giant cockroaches
  8 goblins
  9 hobgoblins
  2 jackals (D:2)
  3 quokkas
  4 bats
  6 frilled lizards
  6 kobolds
  7 rats
81 creatures vanquished.

Notes
Turn   | Place    | Note
-------+----------+-------------------------------------------
     0 | D:1      | Kagalorn the Barachi Air Elementalist began the quest for
                  | the Orb.
     0 | D:1      | Reached XP level 1. HP: 13/13 MP: 3/3
     7 | D:1      | Noticed a six-headed hydra
     7 | D:1      | Noticed a lindwurm
     7 | D:1      | Noticed a hog
     8 | D:1      | Noticed a water moccasin
     8 | D:1      | Noticed a crocodile
   123 | D:1      | Reached XP level 2. HP: 19/19 MP: 0/5
   352 | D:1      | Reached skill level 4 in Air Magic
   534 | D:1      | Reached XP level 3. HP: 23/24 MP: 3/6
   598 | D:1      | Learned a level 2 spell: Swiftness
  1190 | D:2      | Reached XP level 4. HP: 30/30 MP: 2/8
  1316 | D:2      | Found a blossoming altar of Fedhas.
  1467 | D:2      | Found a shimmering blue altar of Sif Muna.
  1470 | D:2      | Became a worshipper of Sif Muna the Loreminder
  1851 | D:2      | Found a white marble altar of Elyvilon.
  2011 | D:2      | Reached skill level 1 in Charms
  2011 | D:2      | Reached XP level 5. HP: 25/35 MP: 0/9
  2707 | D:3      | Reached skill level 5 in Air Magic
  3382 | D:4      | Noticed a centaur
  3385 | D:4      | Reached XP level 6. HP: 31/41 MP: 1/11
  3435 | D:4      | Reached * piety under Sif Muna
  3659 | D:4      | Noticed an orc warrior
  3794 | D:4      | Slain by an orc warrior

Levels and vault maps discovered:
D:1:      onia_arrival_zoo_common, layout_rooms, minmay_box_of_dots
D:2:      layout_rooms, elyvilon_altar_3, fedhas_ov_isle_minmay,
          hangedman_glass_teeth, lemuel_blue_sif_altar
D:3:      layout_basic, serial_corexii_hall, corexii_hall_statues_s,
          corexii_hall_statues_l
D:4:      layout_loops_corners, minmay_temple_entry_proselytizer, first_ration,
          guppyfry_early_orc_mine

Skill      XL: |  1  2  3  4  5  6 |
---------------+-------------------+-----
Air Magic      | 4 5 |  5.6
Conjurations   | 2 3 |  3.6
Spellcasting   | 3 4 |  4.0
Charms         | 1 |  1.8
Dodging        | |  2.1
Stealth        | |  1.7

Action                   |  1- 3 |  4- 6 || total
-------------------------+-------+-------++-------
Melee: Unarmed           |     9 |       ||     9
       Dagger            |     4 |    36 ||    40
       Trident           |       |     3 ||     3
Throw: Dart              |       |     2 ||     2
       Stone             |       |     1 ||     1
 Cast: Shock             |    74 |   161 ||   235
       Swiftness         |       |     1 ||     1
 Abil: Hop               |       |     1 ||     1
  Use: Potion            |       |     3 ||     3
  Eat: Chunk             |     2 |     6 ||     8
       Ration            |       |     1 ||     1
Armor: Robe              |     8 |    24 ||    32
Dodge: Dodged            |    22 |    64 ||    86

Table legend:
 A = Non-vault XP
 B = Vault XP
 C = Vault XP percentage of total XP
 D = Non-vault monster count
 E = Vault monster count
 F = Vault count percentage of total count
                 A         B        C        D         E       F
            +---------+---------+-------+---------+---------+-------
      Total |     472 |      65 |  12.1 |      73 |       8 |   9.9
            +---------+---------+-------+---------+---------+-------
        D:1 |      35 |      10 |  22.2 |      20 |       3 |  13.0
        D:2 |     148 |       0 |   0.0 |      25 |       0 |   0.0
        D:3 |      87 |       0 |   0.0 |      23 |       0 |   0.0
        D:4 |     202 |      55 |  21.4 |       5 |       5 |  50.0
            +---------+---------+-------+---------+---------+-------
